 Dungeon Crawl Stone Soup version 0.30.0 (webtiles) character file.

Game seed: 1187058500607848052

37 Ayyar the Ogre Mage (level 3, 0/32 HPs)
             Began as an Ogre Hedge Wizard on May 16, 2023.
             Slain by a goblin
             ... wielding a +0 club
             ... led by Robin
              (4 damage)
             ... on level 2 of the Dungeon.
             The game lasted 00:06:25 (1309 turns).

Ayyar the Ogre Mage (Ogre Hedge Wizard)             Turns: 1309, Time: 00:06:26

Health: 0/32       AC:  3    Str: 14    XL:     3   Next: 39%
Magic:  6/8        EV: 14    Int: 17    God:
Gold:   55         SH:  0    Dex:  8    Spells: 8/9 levels left

rFire   . . .        a - +0 dagger
rCold   . . .        (no shield)
rNeg    . . .        b - +0 robe
rPois   .            c - +0 hat
rElec   .            (no cloak)
rCorr   .            (gloves unavailable)
SInv    .            (boots unavailable)
Will    .....        (no amulet)
Stlth   +            i - +5 ring of evasion
HPRegen 0.25/turn    (no ring)
MPRegen 0.11/turn

%: no passive effects
@: invisible
A: large, unfitting armour, tough skin 1
a: no special abilities


You were on level 2 of the Dungeon.
You visited 1 branch of the dungeon, and saw 2 of its levels.

You collected 55 gold pieces.

Inventory:

Hand Weapons
 a - a +0 dagger (weapon)
Armour
 b - a +0 robe (worn)
 c - a +0 hat (worn)
Jewellery
 i - a +5 ring of evasion (left hand)
Wands
 g - a wand of acid (10)
Scrolls
 e - a scroll of acquirement {unknown}
 k - a scroll of torment {unknown}
Potions
 d - a potion of magic
 f - a potion of berserk rage {unknown}
 h - a potion of attraction {unknown}
 j - a potion of cancellation {unknown}


   Skills:
 + Level 0.7 Fighting
 + Level 0.3 Short Blades
 + Level 2.0 Dodging
 + Level 1.7 Stealth
 + Level 3.9 Spellcasting
 + Level 1.3 Conjurations
 + Level 1.3 Summonings
 + Level 1.2 Translocations


You had 8 spell levels left.
You knew the following spells:

 Your Spells              Type           Power      Damage    Failure   Level
a - Magic Dart            Conj           28%        1d4       10%         1

Your spell library contained the following spells:

 Spells                   Type           Power      Damage    Failure   Level
 Blink                    Tloc           14%        N/A       14%         2
 Call Imp                 Summ           14%        N/A       14%         2
 Slow                     Hex            12%        N/A       16%         1
 Cigotuvi's Dreadful Rot  Necr/Pois/Air  6%         N/A       24%         2
 Mephitic Cloud           Conj/Pois/Air  4%         N/A       38%         3


Dungeon Overview and Level Annotations

Branches:
Dungeon (2/15)

Altars:

Annotations:
D:2 Robin


Innate Abilities, Weirdness & Mutations

You are too large for most types of armour.
You have tough skin. (AC +1)


Message History

The goblin is severely wounded.
The goblin hits you with a +0 dagger.
Robin roars a battlecry!
The goblins go into a battle-frenzy!
The goblin attacks as you move away! The goblin barely misses you.
The goblin attacks as you move away! The goblin barely misses you.
The goblin attacks as you move away! The goblin hits you with a +0 dagger.
The goblin attacks as you move away! The goblin hits you with a +0 dagger.
The goblin attacks as you move away! The goblin hits you with a +0 dagger.
Aiming: Magic Dart (safe; 10% risk of failure)
Press: ? - help, Q - select action, (/) - cycle Shift-Dir - straight line, f/p - goblin
Aim: a goblin, wielding a +0 dagger (severely wounded, strong, 100% to hit)
The magic dart hits the goblin.
You kill the goblin!
The goblin barely misses you. The goblin misses you.
The goblin attacks as you move away! The goblin completely misses you.
The goblin attacks as you move away! The goblin hits you with a +0 club.
* * * LOW HITPOINT WARNING * * *
The goblin no longer looks unusually strong.
Robin says, "Feeling lonely?"
The goblin attacks as you move away! The goblin hits you with a +0 club.
* * * LOW HITPOINT WARNING * * *
The goblin no longer looks unusually strong.
Robin throws the goblin at you! The goblin barely misses you.
The goblin attacks as you move away! The goblin barely misses you.
The goblin attacks as you move away! The goblin misses you.
The goblin attacks as you move away! The goblin misses you.
The goblin attacks as you move away! The goblin hits you with a +0 club.
* * * LOW HITPOINT WARNING * * *
Robin roars a battlecry!
The goblins go into a battle-frenzy!
The goblin attacks as you move away! The goblin barely misses you.
The goblin attacks as you move away! The goblin hits you with a +0 club.
* * * LOW HITPOINT WARNING * * *
The goblin attacks as you move away! The goblin hits you with a +0 club.
* * * LOW HITPOINT WARNING * * *
It was a potion of invisibility.
You fade into invisibility!
The goblin hits you with a +0 club.
You die...

.# .. ...# #. ... .
#..# #.# #..#.#..#
#.# #..#.#..# #.#
#....(..# #.#
#.##.#..# ####.#
#......<#
#....#####.#
#.#..#.##
#..g@....#.##.#.##.#
##g#####.#.##......#
g . #.# #.####.####
#.# #.# #...##.# #.#
#g# #.#.##.# ..# #.#
#......# [.# #.##
##.#.#####.#.####
#.#
##....#g.#.........#
#.# .#
###....#.#####.###


You could see 2 goblins.

Vanquished Creatures
  A dart slug (D:1)
  4 ball pythons
  3 bats
  An endoplasm (D:2)
  A giant cockroach (D:2)
  6 goblins
  4 hobgoblins
  4 jackals (D:1)
  2 kobolds
  A quokka (D:1)
  A frilled lizard (D:1)
  A rat (D:1)
29 creatures vanquished.

Notes
Turn   | Place    | Note
-------+----------+-------------------------------------------
     0 | D:1      | Ayyar the Ogre Hedge Wizard began the quest for the Orb.
     0 | D:1      | Reached XP level 1. HP: 16/16 MP: 5/5
    84 | D:1      | Reached skill level 1 in Conjurations
    84 | D:1      | Reached skill level 1 in Summonings
    84 | D:1      | Reached skill level 1 in Translocations
   128 | D:1      | Found a faded altar of an unknown god.
   224 | D:1      | Reached XP level 2. HP: 24/24 MP: 3/6
   833 | D:1      | Reached XP level 3. HP: 19/31 MP: 0/8
  1244 | D:2      | Noticed Robin
  1309 | D:2      | Slain by a goblin

Illustrated notes

Levels and vault maps discovered:
D:1:      minmay_arrival_diagonal_passages, layout_rooms,
          hellmonk_ecumenical_altar_lost_god
D:2:      layout_loops_cross, serial_shops, shop, roderic_lattice_a,
          minmay_surrounded, uniq_robin, uniq_jessica

Skill      XL: |  1  2 |
---------------+-------+-----
Conjurations   | 1 |  1.3
Summonings     | 1 |  1.3
Translocations | 1 |  1.2
Dodging        | 2 |  2.0
Fighting       | |  0.7
Short Blades   | |  0.3
Stealth        | |  1.7
Spellcasting   | |  3.9

Action                     || total
---------------------------++-------
  Melee: Dagger            ||    82
         Punch             ||     3
   Cast: Magic Dart        ||    75
    Use: Potion            ||     1
 Armour: Robe              ||    17
  Dodge: Dodged            ||    90
